Cogmind - Beta 12 @@@ ROGUE MODE // 2024.02.28 @ 14:20:28 Player: lnly rvr shp Result: Destroyed by G-47 Trooper with Particle Gun Performance ------------- Evolutions (2) 1000 Regions Visited (3) 600 Robots Destroyed (45) 225 Value Destroyed (1238) 1238 Prototype IDs (2) 40 Alien Tech Used (0) 0 Bonus (0) 0 TOTAL SCORE: 3103 Bonus ------- None Cogmind --------- Core Integrity 0/550 Matter 222/300 Energy 100/100 System Corruption 0% Temperature Cool (18) Movement Core (1350) Ox26 Location -8/Materials Parts ------- > --- POWER (2) -------- (None) > --- PROPULSION (2) --- (None) > --- UTILITY (5) ------ Huge Storage Unit Machine Analyzer > --- WEAPON (2) ------- (None) > --- INVENTORY (25) --- Light Ion Engine Improved Ion Engine Medium Storage Unit Medium Laser Small Laser Mini Grenade Launcher Peak State ------------ > --- POWER ------------ Light Ion Engine > --- PROPULSION ------- Improved Treads Improved Treads > --- UTILITY ---------- Huge Storage Unit Machine Analyzer Shield Generator > --- WEAPON ----------- Medium Laser Heavy Assault Rifle > --- INVENTORY -------- Ion Engine Improved Ion Engine Medium Storage Unit Small Laser EMP Blaster EMP Blaster Mini Grenade Launcher Mini Grenade Launcher [Rating: 15] Favorites ----------- Power Ion Engine Engine Ion Engine Propulsion Light Treads Treads Light Treads Utility Machine Analyzer Device Shield Generator Storage Huge Storage Unit Processor Machine Analyzer Protection Light Armor Plating Weapon Medium Laser Energy Gun Medium Laser Ballistic Gun Assault Rifle Launcher EMP Blaster Build | -11 -10 -9 -8 ------- Run | Jun Mat Mat Mat Slots Evolved 4 | . . 2 2 Power 1 | . . . 1 Propulsion . | . . . . Utility 3 | . . 2 1 Weapon . | . . . . Parts Attached 27 | 6 2 11 8 Power 5 | 1 . 2 2 Engine 5 | 1 . 2 2 Core . | . . . . Reactor . | . . . . Propulsion 5 | 2 . 2 1 Treads 5 | 2 . 2 1 Leg . | . . . . Wheel . | . . . . Hover . | . . . . Flight . | . . . . Utility 8 | 1 2 5 . Device 1 | . . 1 . Storage 3 | 1 1 1 . Processor 1 | . 1 . . Hackware . | . . . . Protection 3 | . . 3 . Artifact . | . . . . Weapon 9 | 2 . 2 5 Energy Gun 3 | 1 . 1 1 Energy Cannon . | . . . . Ballistic Gun 2 | 1 . 1 . Ballistic Cannon . | . . . . Launcher 4 | . . . 4 Special Weapon . | . . . . Impact Weapon . | . . . . Slashing Weapon . | . . . . Piercing Weapon . | . . . . Special Melee Weapon . | . . . . Unidentified Prototypes . | . . . . Parts Lost 17 | . . 6 11 Power 4 | . . 2 2 Propulsion 3 | . . . 3 Utility 3 | . . 2 1 Weapon 7 | . . 2 5 Highest Loss Streak 3 | . . 2 3 To Critical Strikes . | . . . . Average Slot Usage (%) 75 | . 95 82 52 Engine 8 | . 14 6 7 Treads 19 | . 28 22 9 Device 1 | . . 2 . Storage 10 | . 14 11 9 Processor 10 | . 9 11 9 Protection 3 | . . 6 1 Energy Gun 9 | . 14 10 4 Ballistic Gun 8 | . 14 10 2 Launcher 2 | . . . 8 Naked Turns . | . . . . Heaviest Build 95 | 14 19 95 95 Greatest Support 46 | 40 40 46 46 Greatest Overweight (x) 29 | . . 2 29 Average Overweight (x) . | . . . 3 Largest Inventory Capacity 25 | 8 10 25 25 Average Capacity 18 | 6 8 19 25 Most Carried 12 | 4 5 12 11 Average Carried 7 | 1 4 8 7 Final Capacity 25 | 8 10 25 25 Final Carried 10 | 2 5 10 6 Class Distribution -------------------- 93% | Mutant 6% | Scavenger-Mutant Dominant Class ---------------- Mutant | -10/Materials Mutant | -9/Materials Mutant | -8/Materials Resources | -11 -10 -9 -8 ----------- Run | Jun Mat Mat Mat Matter Collected 797 | 208 131 278 180 Remotely . | . . . . Salvage Created 1548 | . 157 720 671 Parts 94 | . 14 41 39 Haulers Intercepted . | . . . . Recyclers Shooed 3 | . 1 1 1 Parts Field Recycled . | . . . . Retrieved Matter . | . . . . Parts Self-Destructed . | . . . . Prevented . | . . . . Kills | -11 -10 -9 -8 ------- Run | Jun Mat Mat Mat Combat Hostiles Destroyed 34 | . 6 16 12 Guns 26 | . 6 16 4 AOE 7 | . . . 7 Classes Destroyed 10 | . 3 5 2 Worker 2 | . 1 . 1 Builder 5 | . . . 5 Recycler 1 | . . 1 . Mechanic 1 | . 1 . . Watcher 2 | . . 1 1 Swarmer 10 | . 6 4 . Grunt 15 | . . 7 8 Brawler 2 | . . 1 1 Sentry 5 | . . 4 1 Hunter 2 | . . . 2 Best Kill Streak 6 | . 3 6 5 Combat Bots Only 6 | . 3 6 3 Max Kills in Single Turn 3 | . 2 2 3 Gunslinging 1 | . 1 . . Exploded 1 | . . . 1 Melee . | . . . . Uniques/NPCs Destroyed . | . . . . Combat | -11 -10 -9 -8 -------- Run | Jun Mat Mat Mat Damage Taken 2704 | . 294 829 1581 Core 718 | . 40 123 555 Absorbed by Shields 123 | . . 123 . Regen/Repaired (Parts) 46 | . . . 46 Core Remaining (%) 84 | 100 84 69 . Volleys Fired 143 | . 28 65 50 Largest 2 | . 2 2 2 Hottest 83 | . 70 73 83 Shots Fired 259 | . 56 117 86 Gun 235 | . 56 117 62 Cannon . | . . . . Launcher 24 | . . . 24 Special . | . . . . Kinetic 115 | . 28 62 25 Thermal 120 | . 28 55 37 Explosive 8 | . . . 8 Electromagnetic 16 | . . . 16 Robot Hit Streak 16 | . 3 16 8 Robot Miss Streak 4 | . 2 2 4 Penetration Max . | . . . . Secondary Targets 1 | . 1 . . Max Gunslinging Chain 1 | . 1 . . Shots Hit Robots 172 | . 22 91 59 Core Hits 76 | . 9 29 38 Critical Kills . | . . . . Critical Parts Destroyed 1 | . . . 1 Critical Strikes 11 | . 1 6 4 Burn 10 | . 1 6 3 Destroy 1 | . . . 1 Melee Attacks . | . . . . Impact . | . . . . Slashing . | . . . . Piercing . | . . . . Sneak Attacks . | . . . . Combat Hostiles . | . . . . Follow-up Attacks . | . . . . Damage Inflicted 3165 | . 298 1182 1685 Guns 2054 | . 287 1181 586 Cannons . | . . . . Explosions 1092 | . . . 1092 Melee . | . . . . Ramming 19 | . 11 1 7 Kinetic 1076 | . 135 644 297 Thermal 1140 | . 152 537 451 Explosive 244 | . . . 244 Electromagnetic 686 | . . . 686 Impact . | . . . . Slashing . | . . . . Piercing . | . . . . Highest Corruption 1 | . 1 . . Average Corruption 1 | . 1 . . Corruption Purged . | . . . . Corruption Blocked . | . . . . Effects 1 | . 1 . . Heat Flow Errors 1 | . 1 . . Overload Shots . | . . . . Overflow Damage 32 | . . . 32 Projectiles . | . . . . Explosions 32 | . . . 32 Melee . | . . . . Knockbacks . | . . . . Impact . | . . . . Kinetic . | . . . . Secondary . | . . . . Self-Inflicted Damage 235 | . . . 235 Shots 12 | . . . 12 Rammed 3 | . 1 1 1 Targets Rammed 3 | . 1 1 1 Kicked . | . . . . Crushed . | . . . . Highest Temperature 183 | . 183 83 135 Average Temperature 35 | . 27 31 49 Received Heat Transfer 914 | . . 311 603 Siege Activations . | . . . . Robots Corrupted . | . . . . Combat Hostiles . | . . . . Parts Fried . | . . . . Impact Corruptions . | . . . . Robots Melted 1 | . . . 1 Combat Hostiles 1 | . . . 1 Parts Melted 8 | . 1 7 . Heat Transferred 3826 | . 518 2035 1273 Parts Sabotaged . | . . . . Parts Stolen . | . . . . Parts Stripped . | . . . . Power Chain Reactions 4 | . . . 4 Missiles Intercepted . | . . . . Alert | -11 -10 -9 -8 ------- Run | Jun Mat Mat Mat Peak Influence 312 | . 177 214 312 Initial 74 | . . 74 27 Average 111 | . 71 103 156 Maximum Alert Level 1 | . . 1 1 Low Security (%) 86 | 100 100 95 63 Level 1 13 | . . 4 36 Level 2 . | . . . . Level 3 . | . . . . Level 4 . | . . . . Level 5 . | . . . . High Security . | . . . . Max Security . | . . . . Squads Dispatched 9 | . . 6 3 Investigation 2 | . . 2 . Extermination . | . . . . Reinforcement 7 | . . 4 3 Assault . | . . . . Garrison . | . . . . Intercept . | . . . . Searches Triggered . | . . . . Construction Impeded 1 | . . . 1 Haulers Reinforced . | . . . . Active Scanning Responses . | . . . . Cargo Convoy Interrupts . | . . . . Stealth | -11 -10 -9 -8 --------- Run | Jun Mat Mat Mat Distress Signals 4 | . . 2 2 Communications Jammed . | . . . . Distress Signals . | . . . . Times Spotted 75 | . 12 24 39 Peak Tracking Total 6 | . 3 5 6 Tactical Retreats 14 | . 1 . 13 Traps | -11 -10 -9 -8 ------- Run | Jun Mat Mat Mat Traps Triggered 1 | . 1 . . Indirectly . | . . . . Trap Hack Attempts . | . . . . Triggered . | . . . . Disarmed . | . . . . Reprogrammed . | . . . . Reused . | . . . . Traps Extracted . | . . . . Installed . | . . . . Triggered . | . . . . Machines | -11 -10 -9 -8 ---------- Run | Jun Mat Mat Mat Machines Disabled 3 | . . . 3 Max in Single Turn 1 | . . . 1 Machines Repaired . | . . . . Machines Sabotaged . | . . . . Overloaded Fab Kills . | . . . . Hacking | -11 -10 -9 -8 --------- Run | Jun Mat Mat Mat Machines Accessed 12 | . 6 5 1 Terminals 10 | . 6 4 . Fabricators . | . . . . Repair Stations 1 | . . . 1 Recycling Units . | . . . . Scanalyzers 1 | . . 1 . Garrison Access . | . . . . Total Hacks 42 | . 23 15 4 Successful 23 | . 13 7 3 Failed 19 | . 10 8 1 Catastrophic 1 | . . 1 . Database Lockouts . | . . . . Manual . | . . . . Terminals 35 | . 23 12 . Fabricators . | . . . . Repair Stations 4 | . . . 4 Recycling Units . | . . . . Scanalyzers 3 | . . 3 . Garrison Access . | . . . . Terminal Hacks 17 | . 13 4 . Record 7 | . 7 . . Prototype ID Bank 1 | . 1 . . Terminal Index 1 | . . 1 . Alert Level 3 | . 2 1 . Hauler Manifests 1 | . 1 . . Zone Layout 4 | . 2 2 . Fabricator Hacks . | . . . . Repair Station Hacks 3 | . . . 3 Scan Component 2 | . . . 2 Repair 1 | . . . 1 Recycling Unit Hacks . | . . . . Scanalyzer 3 | . . 3 . Insert Component 1 | . . 1 . Analyze 2 | . . 2 . Garrison Access Hacks . | . . . . Unauthorized Hacks . | . . . . Terminals . | . . . . Fabricators . | . . . . Repair Stations . | . . . . Recycling Units . | . . . . Scanalyzers . | . . . . Garrison Access . | . . . . Data Cores Recovered . | . . . . Used . | . . . . Hacking Detections 12 | . 6 5 1 Full Trace Events 3 | . . 2 1 Feedback Events . | . . . . Feedback Blocked . | . . . . Robot Schematics Acquired . | . . . . Robots Built . | . . . . Authchips . | . . . . Time . | . . . . Total Robot Build Rating . | . . . . Part Schematics Acquired 1 | . . 1 . Parts Built . | . . . . Authchips . | . . . . Time . | . . . . Total Part Build Rating . | . . . . Parts Repaired 1 | . . . 1 Time 26 | . . . 26 Parts Recycled . | . . . . Recycled Matter . | . . . . Retrieved Matter . | . . . . Retrieved Components . | . . . . Parts Scanalyzed 1 | . . 1 . Part Schematics Acquired 1 | . . 1 . Parts Damaged . | . . . . Bothacking | -11 -10 -9 -8 ------------ Run | Jun Mat Mat Mat Used RIF Installer . | . . . . Robots Hacked . | . . . . Non-combat . | . . . . Combat . | . . . . Robot Hacks Applied . | . . . . Relay Couplers Released . | . . . . Fabnet Peak Effective % . | . . . . Robots Rewired . | . . . . Allies Hacked . | . . . . Hacks Repelled . | . . . . Allies | -11 -10 -9 -8 -------- Run | Jun Mat Mat Mat Total Allies . | . . . . Largest Group . | . . . . Highest-Rated Group . | . . . . Highest-Rated Ally . | . . . . Total Orders . | . . . . Ally Attacks . | . . . . Total Damage . | . . . . Kills . | . . . . Allies Corrupted . | . . . . Allies Melted . | . . . . Intel | -11 -10 -9 -8 ------- Run | Jun Mat Mat Mat Robot Analysis Total . | . . . . Derelict Logs Recovered . | . . . . Drone Launches . | . . . . Drone Recoveries . | . . . . Exploration | -11 -10 -9 -8 ------------- Run | Jun Mat Mat Mat Turns Passed 4235 | 95 799 2059 1282 Spaces Moved 1432 | 57 428 750 197 Core 14 | 8 . . 6 Treads 1418 | 49 428 750 191 Legs . | . . . . Wheels . | . . . . Hover . | . . . . Flight . | . . . . Fastest Speed 50 | 50 160 160 240 Average Speed 223 | 144 160 210 437 Slowest Speed 1500 | 160 160 320 1500 Overloaded Moves . | . . . . Propulsion Burnouts . | . . . . Robots Hopped . | . . . . Cave-ins Triggered . | . . . . Exploration Rate (%) 31 | 4 47 52 22 Regions Visited 3 Branch Regions . Pre-discovered Areas . | . . . . Known Exits Taken . | . . . . Unknown Exits Taken 3 | 1 1 1 . Scrap Searched . | . . . . Spaces Dug . | . . . . Terrain Destroyed 44 | . . . 44 Melee . | . . . . Projectile . | . . . . AOE 44 | . . . 44 Terrain Rammed . | . . . . Walls Destroyed . | . . . . Machines Disabled . | . . . . Actions | -11 -10 -9 -8 --------- Run | Jun Mat Mat Mat Total 2206 | 70 486 1114 536 Wait 569 | . 22 269 278 Move 1429 | 56 427 749 197 Hop . | . . . . Pick Up 30 | 8 5 15 2 Fast Attach . | . . . . Attach 21 | 6 1 8 6 Detach 1 | . . 1 . Swap 6 | . 1 3 2 Drop 4 | . 1 3 . Fire 143 | . 28 65 50 Melee . | . . . . Ram . | . . . . Kick . | . . . . Crush 3 | . 1 1 1 Escape Stasis . | . . . . Rewire . | . . . . Trap . | . . . . Miscellaneous . | . . . . Route ------- -11/Junkyard -10/Materials (discovered 3 exits: *Mat / [*Min x2]) -9/Materials (discovered 4 exits: *Mat / [*Min] / [*Sto x2]) -8/Materials History --------- Turn | Location | Event 11 | -11/Junkyard | Discovered new exit (range 16) 96 | -11/Junkyard | Entered Materials 306 | -10/Materials | Build established: Mutant 572 | -10/Materials | Discovered new exit (range 10) 586 | -10/Materials | Discovered new exit (range 12) 657 | -10/Materials | Discovered new exit (range 9) 895 | -10/Materials | Entered another Materials area 895 | -9/Materials | Evolved 2 slots: Utility x2 1278 | -9/Materials | Discovered new exit (range 16) 1417 | -9/Materials | Discovered new exit (range 6) 2004 | -9/Materials | Discovered new exit (range 18) 2489 | -9/Materials | Discovered new exit (range 7) 2954 | -9/Materials | Entered another Materials area 2954 | -8/Materials | Evolved 2 slots: Power x1, Utility x1 3067 | -8/Materials | Repaired Med. Laser 3350 | -8/Materials | Lost 3 parts (2n1w) 4042 | -8/Materials | Core integrity fell below 50% 4227 | -8/Materials | Core integrity fell below 20% 4236 | -8/Materials | Destroyed by G-47 Trooper with Particle Gun Last Messages --------------- 04075_ K-01 Serf collects debris. 04084_ The unstable cave ceiling collapses. 04087_ K-01 Serf collects debris. 04100_ The unstable cave ceiling collapses. 04103_ K-01 Serf collects debris. 04137_ U-05 Engineer lays Concrete. 04139_ W-25 Informer sends out distress signal. 04140_ U-05 Engineer lays Concrete. 04143_ U-05 Engineer builds a Wall. 04144_ U-05 Engineer lays Concrete. 04167_ ALERT: Hostiles spotted, dispatching reinforcements to Terminal M006. 04168_ U-05 Engineer lays Concrete. 04170_ U-05 Engineer builds a Wall. 04176_ U-05 Engineer lays Concrete. 04179_ U-05 Engineer builds a Wall. 04181_ U-05 Engineer lays Concrete. 04183_ U-05 Engineer builds a Wall. 04228_ Shock Bomb Launcher destroyed. 04230_ Mni. Grenade Launcher destroyed. Map ----- +----------------------------------------------------+ | ?????????????????????????????????????????????????? | | ???????????????????????????????????????????????? | | ??????????????????????????????????????????????? | | #?????????????????? ???????????????????????????? | | #?????????????????? ???????????????????????????? | | #?????????????????? ???????????????????????????? | | ########???#??????# ???????????????????????????? | | # """ """ """?????# #??????????????????????????? | | # """ """ """?????# #??????????????????????????? | | # """ """ """ ????# #???????????????""?????????? | | + ?????# #???????????????T"?????????? | | # ??????# #???????????????""?????????? | | ????????# #??????????????????????????? | | ################### ######?????????????????????? | | u #?????????????????????? | | =% % #?????????????????????? | | " !! #?????????????????????? | | ###### ### " ![ #?????????????????????? | | ## # #?# g g ![ #??????#??????????????? | | ##########?# g #????" #??????????????? | | #??????????# #?? T #??????????????? | | #??????????# # = " #??????????????? | | #??????????# # #??????????????? | | #??????????# # #??????????????? | | ##########?# """" """ #######???????????????? | | # #?# """" "" "@ %k % r ????????? | | # #?# """" """ ^ ????????? | | # ! #?# ^ ????????? | | # #?# [ ########### ?????????? | | + % ! #?################# ###?????????????????? | | # #???????????????##?##???????????????????? | | # | #???????????????????????????????????????? | | #=! #???????????????????????????????????????? | | # !#???????????????????????????????????????? | | ##########???????????????????????????????????????? | | ?????????????????????????????????????????????????? | | ?????????????????????????????????????????????????? | | ?????????????????????????????????????????????????? | | ?????????????????????????????????????????????????? | | ?????????????????????????????????????????????????? | | ?????????????????????????????????????????????????? | | ??"""????????????????????????????????????????????? | | ??"""????????????????????????????????????????????? | | ??"""????????????????????????????????????????????? | | ?????????????????????????????????????????????????? | | ?????????????????????????????????????????????????? | | ?????????????????????????????????????????????????? | | ?????????????????????????????????????????????????? | | ?????????????????????????????????????????????????? | | ?????????????????????????????????????????????????? | +----------------------------------------------------+ Best States ------------- Heat Dissipation 31 Energy Generation 12 Energy Capacity 265 Matter Stores 300 Matter Capacity 300 Sight Range 16 Terrain Scan Density 10 Armor Coverage 150 Evasion (%) 40 Recoil Reduction 2 Item Schematics ----------------- Ion Engine | -9/Materials | Scanalyzed Robot Schematics ------------------ None Fabricated ------------ Nothing Alien Tech Used ----------------- None Achievements -------------- None Challenges ------------ None Game ------ Seed SupersonicCoordinationCore Manual? 0 Play Time 00:26:00 Cumulative 6.1 hours Start 2024.02.28 @ 13:55:15 End 2024.02.28 @ 14:20:28 Sessions 1 Manual Loads 0 Difficulty Rogue Special Mode None Game No. 12 Rogue 12 Adventurer 0 Explorer 0 Win Type - Total 0 Types 0/0/0/0/0/0/0/0/0 Lore% 3 Gallery% 9 Achievement% 10 Wizard Run 0 Options --------- ASCII 0 Keyboard 1 Movement Arrows Keybinds 0 Fullscreen 1 Font 18/SmallcapsGlow Map View 76x50 Tactical HUD 1 Map Filters NONE Filters NONE Steam 1 RUN: 09c53884-a9e8-4ac1-b598-ff5f53279a9f